 Dungeon Crawl Stone Soup version 0.18-a0-1577-gf591c28 (webtiles) character file.

5041 George the Cleaver (level 10, -6/90 HPs)
             Began as a Minotaur Gladiator on Mar 18, 2016.
             Was an Elder of Makhleb.
             Mangled by a troll (10 damage)
             ... on level 9 of the Dungeon.
             The game lasted 00:13:33 (6361 turns).

George the Cleaver (Minotaur Gladiator)             Turns: 6361, Time: 00:13:33

Health: -6/90      AC: 12    Str: 23    XL:     10   Next: 30%
Magic:  14/14      EV: 11    Int:  5    God:    Makhleb [****..]
Gold:   292        SH:  0    Dex: 11    Spells: 0 memorised, 9 levels left

rFire  + . .     SeeInvis .     X - +0 battleaxe
rCold  . . .     Gourm    .     T - +2 scale mail {rF+}
rNeg   . . .     Faith    .     (shield currently unavailable)
rPois  +         Spirit   .     c - +0 hat
rElec  .         Dismiss  .     (no cloak)
rCorr  .         Reflect  .     m - +0 pair of gloves
SustAt +         Harm     .     Y - +0 pair of boots
MR     .....                    o - amulet of regeneration
Stlth  ..........               P - ring of sustain attributes
                                W - ring of poison resistance

@: not resistant to hostile enchantments, extremely unstealthy
A: retaliatory headbutt, horns 2
a: Minor Destruction, Lesser Servant of Makhleb, Major Destruction, Renounce
Religion


You were on level 9 of the Dungeon.
You worshipped Makhleb.
Makhleb was greatly pleased with you.
You were hungry.

You visited 2 branches of the dungeon, and saw 10 of its levels.

You collected 292 gold pieces.

Inventory:

Hand Weapons
 N - a +2 flail of protection
 X - a +0 battleaxe (weapon)
Missiles
 d - 5 throwing nets
 v - 8 tomahawks (quivered)
 C - 5 javelins of returning
 U - 5 silver javelins
Armour
 c - a +0 hat (worn)
 m - a +0 pair of gloves (worn)
 T - a +2 scale mail of fire resistance (worn)
 Y - a +0 pair of boots (worn)
Jewellery
 o - an amulet of regeneration (around neck)
 O - an uncursed ring of fire
 P - a ring of sustain attributes (right hand)
 W - a ring of poison resistance (left hand)
Wands
 u - a wand of digging (24/24)
 H - a wand of iceblast (12/15)
Scrolls
 j - 3 scrolls of remove curse
 G - 2 scrolls of fear
 I - 2 scrolls of teleportation
 K - a scroll of blinking
 Q - a scroll of enchant weapon
 Z - a scroll of noise {unknown}
Potions
 i - 3 potions of heal wounds
 n - a potion of invisibility
 t - 6 potions of curing
 w - 2 potions of flight {unknown}
 D - a potion of agility {unknown}
 E - a potion of berserk rage {unknown}
 L - a potion of brilliance {unknown}
 R - a potion of lignification {unknown}
 S - a potion of degeneration {unknown}
 V - 2 potions of magic {unknown}
Comestibles
 f - 6 bread rations
 k - 4 meat rations
 r - 3 royal jellies
 A - 2 slices of pizza


   Skills:
 + Level 8.7 Fighting
 + Level 11.5 Axes
 - Level 2.0 Throwing
 + Level 8.1 Armour
 - Level 3.2 Dodging
 + Level 7.0 Invocations


You had 9 spell levels left.
You didn't know any spells.

Dungeon Overview and Level Annotations

Branches:
Dungeon (9/15)             Temple (1/1) D:5
   Lair: D:8-11         Orc: D:9-12

Altars:
Ashenzari
Cheibriados
Dithmenos
Elyvilon
Fedhas
Gozag
Kikubaaqudgha
Makhleb
Nemelex Xobeh
Okawaru
Pakellas
Qazlal
Ru
Sif Muna
Trog
Xom
Yredelemnul
Zin
The Shining One


Innate Abilities, Weirdness & Mutations

You reflexively headbutt those who attack you in melee.
You have a pair of horns on your head.


Message History

The troll claws you!
* * * LOW HITPOINT WARNING * * *
The troll claws you!
* * * LOW HITPOINT WARNING * * *
There is a stone staircase leading up here.
You closely miss the troll.
The troll is lightly wounded.
The troll bites you.
* * * LOW HITPOINT WARNING * * *
The troll claws you.
* * * LOW HITPOINT WARNING * * *
The troll claws you.
* * * LOW HITPOINT WARNING * * *
The troll barely misses you.
The troll claws you but does no damage. x2
You hit the troll.
The troll is lightly wounded.
The troll bites you!
* * * LOW HITPOINT WARNING * * *
The troll claws you!
You die...

### # #.# #.#
#.# #.# #.#
#.# #.#
#.##########.#
#......@T....#
#..###########


You could see a troll.

Vanquished Creatures
  A hill giant (D:8)
  7 yaks
  A hippogriff (D:8)
  2 hungry ghosts (D:8)
  A steam dragon (D:6)
  2 ice beasts (D:8)
  2 orc warriors
  A sky beast (D:5)
  2 ogres
  2 phantoms
  A wasp (D:9)
  4 centaurs
  A crocodile (D:9)
  2 giant frogs
  A scorpion (D:5)
  2 howler monkeys (D:8)
  4 crimson imps
  4 hounds
  A wasp zombie (D:7)
  A giant frog zombie (D:6)
  A jelly (D:6)
  6 orc priests
  A giant frog skeleton (D:5)
  A gnoll shaman (D:4)
  11 orc wizards
  A centaur skeleton (D:7)
  5 iguanas
  A killer bee zombie (D:9)
  2 worker ants
  15 gnolls
  6 adders
  A river rat (D:9)
  2 oozes
  An adder zombie (D:6)
  An adder skeleton (D:4)
  2 worms
  2 dart slugs (D:1)
  5 giant geckos
  26 orcs
  A ball python (D:2)
  14 bats
  10 giant cockroaches
  11 goblins
  7 hobgoblins
  5 jackals
  11 quokkas
  2 giant gecko skeletons
  2 giant newts
  11 kobolds
  17 rats
  A fungus (D:9)
  A plant (D:9)
225 creatures vanquished.

Vanquished Creatures (others)
  3 fungi (D:9)
  A plant (D:9)
4 creatures vanquished.

Grand Total: 229 creatures vanquished

Notes
Turn   | Place    | Note
--------------------------------------------------------------
     0 | D:1      | George the Minotaur Gladiator began the quest for the Orb.
     0 | D:1      | Reached XP level 1. HP: 18/18 MP: 0/0
    36 | D:1      | Reached skill level 4 in Axes
    71 | D:1      | Reached XP level 2. HP: 20/25 MP: 1/1
   259 | D:1      | Reached skill level 5 in Axes
   423 | D:1      | Reached XP level 3. HP: 30/30 MP: 2/2
   649 | D:1      | Reached XP level 4. HP: 16/37 MP: 3/3
   710 | D:2      | Reached skill level 6 in Axes
   841 | D:2      | Found a basalt altar of Yredelemnul.
   876 | D:2      | Reached XP level 5. HP: 36/42 MP: 4/4
  1107 | D:3      | Reached skill level 7 in Axes
  1503 | D:3      | Reached skill level 8 in Axes
  1520 | D:3      | Reached XP level 6. HP: 29/50 MP: 5/5
  1662 | D:3      | Found a shimmering altar of Xom.
  1663 | D:3      | Found an ancient bone altar of Kikubaaqudgha.
  2063 | D:4      | Found a burning altar of Makhleb.
  2070 | D:4      | Became a worshipper of Makhleb the Destroyer
  2353 | D:4      | Reached skill level 1 in Armour
  2353 | D:4      | Reached skill level 1 in Invocations
  2597 | D:4      | Reached XP level 7. HP: 25/57 MP: 5/7
  2682 | D:4      | Reached * piety under Makhleb
  2724 | D:4      | Found a sacrificial altar of Ru.
  3002 | D:5      | Entered Level 5 of the Dungeon
  3057 | D:5      | Reached skill level 9 in Axes
  3071 | D:5      | Found an opulent altar of Gozag.
  3329 | D:5      | Reached XP level 8. HP: 60/67 MP: 9/9
  3608 | D:5      | Found a staircase to the Ecumenical Temple.
  3617 | Temple   | Entered the Ecumenical Temple
  3810 | D:5      | Reached skill level 5 in Fighting
  3842 | D:6      | Reached ** piety under Makhleb
  4160 | D:6      | Reached skill level 10 in Axes
  4160 | D:6      | Reached skill level 5 in Armour
  4164 | D:6      | Reached XP level 9. HP: 39/78 MP: 11/11
  4168 | D:6      | Reached skill level 5 in Invocations
  4779 | D:7      | Reached *** piety under Makhleb
  5533 | D:8      | Found a shattered altar of Ashenzari.
  5579 | D:8      | Got a translucent ring mail
  5590 | D:8      | Identified the +4 ring mail of Unreason {+Blink Str-3 Int+9 Dex+4 Slay-3} (You found it on level 8 of the Dungeon)
  5612 | D:8      | Reached skill level 11 in Axes
  5683 | D:8      | Found a white marble altar of Elyvilon.
  5900 | D:8      | Reached XP level 10. HP: 76/88 MP: 13/13
  5939 | D:8      | Noticed a hill giant
  5945 | D:8      | Killed a hill giant
  6113 | D:9      | Reached **** piety under Makhleb
  6191 | D:9      | Noticed a white ugly thing
  6327 | D:9      | HP: 1/90 [troll (7)]
  6361 | D:9      | HP: 4/90 [troll (12)]
  6361 | D:9      | Mangled by a troll

Vault maps used:
D:1:      minmay_arrival_doors
D:2:      first_bread, yredelemnul_altar_generic
D:3:      minitemple
D:4:      lemuel_round_altar, nicolae_ru_sacrificial_ziggurat, serial_forest,
          infiniplex_forest_lined_corner, infiniplex_forest_straight_2,
          infiniplex_forest_clump_long, infiniplex_forest_straight_4
D:5:      temple_hall, basic_altar
D:8:      elyvilon_altar_5, nicolae_overflow_crystal_walls
D:9:      vehumet_statue, grunt_lair_entry_orc_guard_hut, uniq_prince_ribbit1,
          uniq_joseph, uniq_erica
Temple:   water_room_temple_b_12

Skill      XL: |  1  2  3  4  5  6  7  8  9 10 |
---------------+-------------------------------+-----
Axes           | 4 5 6 8 9 10 11 | 11.5
Armour         | 1 3 5 7 8 |  8.1
Invocations    | 1 3 4 6 7 |  7.0
Fighting       | 3 4 6 8 |  8.7
Throwing       | |  2.0
Dodging        | |  3.2

Action                   |  1- 3 |  4- 6 |  7- 9 | 10-12 || total
-------------------------+-------+-------+-------+-------++-------
Melee: War axe           |    51 |   159 |   204 |       ||   414
       Battleaxe         |       |       |    76 |    63 ||   139
Throw: Tomahawk          |       |       |       |     2 ||     2
  Use: Scroll            |       |     9 |     3 |     1 ||    13
  Eat: Chunk             |       |     5 |    13 |     2 ||    20
       Pizza             |       |       |     2 |       ||     2
       Beef jerky        |       |       |     1 |       ||     1
